 Dungeon Crawl Stone Soup version 0.30-a0-782-ge64f9170bb (webtiles) character file.

Game seed: 9821889688115883125

107 epen the Grasshopper (level 4, 0/38 HPs)
             Began as a Gnoll Warper on Mar 9, 2023.
             Slain by a crimson imp (3 damage)
             ... summoned by Natasha
             ... on level 3 of the Dungeon.
             The game lasted 00:02:12 (1969 turns).

epen the Grasshopper (Gnoll Warper)                 Turns: 1969, Time: 00:02:13

Health: 0/38       AC:  4    Str: 10    XL:     4   Next: 85%
Magic:  11/11      EV: 13    Int: 13    God:
Gold:   65         SH:  0    Dex: 13    Spells: 11/13 levels left

rFire   + . .      SeeInvis .    c - +2 falchion (drain)
rCold   . . .      Faith    .    (no shield)
rNeg    . . .      Spirit   .    p - +1 robe {rF+}
rPois   .          Reflect  .    (no helmet)
rElec   .          Harm     .    (no cloak)
rCorr   .          Rampage  .    f - +0 pair of gloves
Will    .....                    (no boots)
Stlth   ++                       (no amulet)
HPRegen 0.26/turn                (no ring)
MPRegen 0.12/turn                (no ring)

@: slowed, very slow
A: fangs 1, strong nose, distributed training
a: no special abilities


You were on level 3 of the Dungeon.
You visited 1 branch of the dungeon, and saw 3 of its levels.

You collected 65 gold pieces.

Inventory:

Hand Weapons
 a - a +0 falchion
 c - a +2 falchion of draining (weapon)
Missiles
 d - 7 boomerangs of dispersal (quivered)
Armour
 b - a +0 leather armour
 f - a +0 pair of gloves (worn)
 j - a +0 ring mail
 p - a +1 robe of fire resistance (worn)
Jewellery
 e - a ring of fire
Scrolls
 h - 2 scrolls of enchant weapon {unknown}
 k - a scroll of identify {unknown}
 n - a scroll of teleportation {unknown}
 o - a scroll of noise {unknown}
Potions
 g - a potion of curing
 i - a potion of berserk rage {unknown}
 l - a potion of haste {unknown}
 m - 2 potions of heal wounds {unknown}
 q - a potion of ambrosia {unknown}


   Skills:
 + Level 4.7 Fighting
 + Level 1.3 Short Blades
 + Level 4.7 Long Blades
 + Level 1.3 Axes
 + Level 1.3 Maces & Flails
 + Level 1.3 Polearms
 + Level 1.3 Staves
 + Level 1.3 Ranged Weapons
 + Level 2.8 Throwing
 + Level 2.8 Armour
 + Level 4.7 Dodging
 + Level 1.3 Stealth
 + Level 1.3 Shields
 + Level 1.3 Unarmed Combat
 + Level 5.1 Spellcasting
 + Level 1.0 Conjurations
 + Level 1.0 Hexes
 + Level 1.0 Summonings
 + Level 1.0 Necromancy
 + Level 5.5 Translocations
 + Level 1.0 Transmutations
 + Level 1.0 Fire Magic
 + Level 1.0 Ice Magic
 + Level 1.0 Air Magic
 + Level 1.0 Earth Magic
 + Level 1.0 Poison Magic
 + Level 1.4 Invocations
 + Level 1.3 Evocations


You had 11 spell levels left.
You knew the following spells:

 Your Spells              Type           Power      Damage    Failure   Level
a - Blink                 Tloc           34%        N/A       3%          2

Your spell library contained the following spells:

 Spells                   Type           Power      Damage    Failure   Level
 Lesser Beckoning         Tloc           34%        N/A       3%          2
 Teleport Other           Tloc           17%        N/A       6%          3
 Vhi's Electric Charge    Tloc/Air       22%        N/A       14%         3
 Manifold Assault         Tloc           17%        N/A       19%         4


Dungeon Overview and Level Annotations

Branches:
Dungeon (3/15)

Altars:

Annotations:
D:3 Natasha


Innate Abilities, Weirdness & Mutations

You have very sharp teeth.
Your uncanny sense of smell can sniff out nearby items.
Your experience applies equally to all skills.


Message History

The endoplasm is almost dead.
The endoplasm hits you but does no damage.
You hit the endoplasm.
You kill the endoplasm!
You miss the crimson imp. The crimson imp hits you.
Natasha stares at you and mumbles some strange words.
You feel yourself slow down.
You hit Natasha.
Natasha is moderately wounded.
The crimson imp misses you. Natasha claws you.
The crimson imp barely misses you.
You hit Natasha.
Natasha is moderately wounded.
Natasha mumbles some strange words.
The crimson imp hits you. Natasha barely misses you.
You closely miss Natasha. You bite Natasha, but do no damage.
Natasha is moderately wounded.
The crimson imp barely misses you. Natasha casts a spell at you.
The magic dart hits you! The crimson imp misses you.
Natasha closely misses you.
You barely miss Natasha.
Natasha is moderately wounded.
The crimson imp hits you. Natasha claws you!
* * * LOW HITPOINT WARNING * * *
The crimson imp barely misses you.
You barely miss Natasha. You bite Natasha, but do no damage.
Natasha is moderately wounded.
The crimson imp hits you.
* * * LOW HITPOINT WARNING * * *
Natasha claws you.
* * * LOW HITPOINT WARNING * * *
The crimson imp completely misses you.
The crimson imp blinks!
Natasha barely misses you.
It was a potion of curing.
You feel better. The crimson imp hits you.
* * * LOW HITPOINT WARNING * * *
Natasha claws you.
* * * LOW HITPOINT WARNING * * *
The crimson imp hits you.
You die...

.................#
.................#
.................#
...........#########
.######............#
####.........#
#.........#
#..!..5...#
#...5@....#
#.....h...#
#.........#
#............
..............
...#.....###...
.#...###.. ... #...
.. ..


You could see Natasha and 2 crimson imps.

Vanquished Creatures
  An orc priest (D:2)
  Terence (D:3)
  An adder (D:2)
  A worm (D:2)
  A dart slug (D:2)
  3 orcs
  4 ball pythons (D:2)
  A bat (D:1)
  4 endoplasms
  3 goblins
  4 hobgoblins
  3 kobolds
  4 frilled lizards
  3 rats
34 creatures vanquished.

Notes
Turn   | Place    | Note
-------+----------+-------------------------------------------
     0 | D:1      | epen the Gnoll Warper began the quest for the Orb.
     0 | D:1      | Reached XP level 1. HP: 20/20 MP: 6/6
   303 | D:1      | Reached XP level 2. HP: 26/26 MP: 7/7
   308 | D:1      | Learned a level 2 spell: Blink
  1095 | D:2      | Reached skill level 5 in Spellcasting
  1095 | D:2      | Reached XP level 3. HP: 31/31 MP: 7/9
  1263 | D:2      | Reached skill level 1 in Short Blades
  1263 | D:2      | Reached skill level 1 in Axes
  1263 | D:2      | Reached skill level 1 in Maces & Flails
  1263 | D:2      | Reached skill level 1 in Polearms
  1263 | D:2      | Reached skill level 1 in Staves
  1263 | D:2      | Reached skill level 1 in Ranged Weapons
  1263 | D:2      | Reached skill level 1 in Stealth
  1263 | D:2      | Reached skill level 1 in Shields
  1263 | D:2      | Reached skill level 1 in Unarmed Combat
  1263 | D:2      | Reached skill level 1 in Invocations
  1263 | D:2      | Reached skill level 1 in Evocations
  1320 | D:2      | Reached XP level 4. HP: 34/38 MP: 11/11
  1807 | D:3      | Reached skill level 1 in Conjurations
  1807 | D:3      | Reached skill level 1 in Hexes
  1807 | D:3      | Reached skill level 1 in Summonings
  1807 | D:3      | Reached skill level 1 in Necromancy
  1807 | D:3      | Reached skill level 1 in Transmutations
  1807 | D:3      | Reached skill level 1 in Fire Magic
  1807 | D:3      | Reached skill level 1 in Ice Magic
  1807 | D:3      | Reached skill level 1 in Air Magic
  1807 | D:3      | Reached skill level 1 in Earth Magic
  1807 | D:3      | Reached skill level 1 in Poison Magic
  1852 | D:3      | Noticed Terence
  1865 | D:3      | Killed Terence
  1958 | D:3      | Noticed Natasha
  1969 | D:3      | Slain by a crimson imp

Illustrated notes

Levels and vault maps discovered:
D:1:      ebering_trefoil_twist, layout_basic
D:2:      layout_basic
D:3:      due_chaos_kobolds, layout_basic, minmay_misc_feat_pillars,
          uniq_terence, uniq_natasha

Skill      XL: |  1  2  3  4 |
---------------+-------------+-----
Spellcasting   | 5 |  5.1
Short Blades   | 1 |  1.3
Axes           | 1 |  1.3
Maces & Flails | 1 |  1.3
Polearms       | 1 |  1.3
Staves         | 1 |  1.3
Ranged Weapons | 1 |  1.3
Stealth        | 1 |  1.3
Shields        | 1 |  1.3
Unarmed Combat | 1 |  1.3
Invocations    | 1 |  1.4
Evocations     | 1 |  1.3
Conjurations   | 1 |  1.0
Hexes          | 1 |  1.0
Summonings     | 1 |  1.0
Necromancy     | 1 |  1.0
Transmutations | 1 |  1.0
Fire Magic     | 1 |  1.0
Ice Magic      | 1 |  1.0
Air Magic      | 1 |  1.0
Earth Magic    | 1 |  1.0
Poison Magic   | 1 |  1.0
Fighting       | |  4.7
Long Blades    | |  4.7
Throwing       | |  2.8
Armour         | |  2.8
Dodging        | |  4.7
Translocations | |  5.5

Action                     |  1- 3 |  4- 6 || total
---------------------------+-------+-------++-------
  Melee: Falchion          |    93 |    35 ||   128
         Bite              |    12 |     4 ||    16
    Use: Scroll            |     1 |       ||     1
         Potion            |       |     1 ||     1
   Stab: Sleeping          |       |     3 ||     3
 Armour: Leather armour    |    18 |       ||    18
         Ring mail         |       |     4 ||     4
         Robe              |       |     3 ||     3
  Dodge: Dodged            |    60 |    21 ||    81

Table legend: (Time is in decaauts)
 A = Elapsed time spent in this place.
 B = Non-inter-level travel time spent in this place.
 C = Inter-level travel time spent in this place.
 D = Time resting spent in this place.
 E = Time spent auto-exploring this place.
 F = Levels seen in this place.
 G = Mean time per level.
                   A        B        C        D        E       F      G
               +--------+--------+--------+--------+--------+-----+--------+
         Total |   1981 |   1906 |     75 |    181 |   1356 |   3 |  660.3 |
       Dungeon |   1981 |   1906 |     75 |    181 |   1356 |   3 |  660.3 |
               +--------+--------+--------+--------+--------+-----+--------+

Top non-repeatable levels by time:
     D:2: 946 daAuts
     D:1: 862 daAuts
     D:3: 172 daAuts
